AoeStats
← suprême leader

Arabia

507806286Analyzed
1v1 RM · 14d ago on Sep 19, 2026· 58m 58s· 2 players
Game mode
Random Map
Map size
Tiny (2 player)
Population
200
Speed
Normal
Resources
Standard
Victory
Conquest
Starting age
Dark Age
Ending age
Imperial Age
RankedLock teamsTeams togetherTeam positionsShared explorationLock speedFull tech treeHidden civsTurbo modeCheats
Victory
Defeat
🇩🇰 Malay · Denmark
1193
+15
🇧🇪 Khmer · Belgium
1163
-15
suprême leader
6:39 Loom
9:28 Feudal Age
9:58 Double-Bit Axe
15:11 Fletching
18:07 Wheelbarrow
22:48 Castle Age
21:19 Horse Collar
22:15 Bloodlines
22:34 Scale Barding Armor
22:57 Forging
24:56 Husbandry
27:08 Chain Barding Armor
28:33 Gold Mining
29:42 Iron Casting
35:34 Town Watch
36:25 Wheelbarrow
40:14 Imperial Age
39:04 Bow Saw
38:40 Light Cavalry
40:18 Tusk Swords
41:31 Plate Barding Armor
41:57 Blast Furnace
41:44 Hand Cart
42:33 Conscription
43:17 Elite Battle Elephant
45:36 Gold Shaft Mining
45:49 Hussar
46:32 Stone Mining
47:42 Bodkin Arrow
51:29 Masonry
52:32 Heavy Scorpion
Cabeceo_e
7:11 Loom
10:06 Feudal Age
10:19 Double-Bit Axe
10:22 Man-at-Arms
12:01 Arson
15:23 Fletching
18:22 Padded Archer Armor
21:18 Castle Age
20:46 Forging
20:20 Long Swordsman
21:09 Squires
22:46 Husbandry
23:24 Bow Saw
24:47 Scale Barding Armor
25:28 Pikeman
28:57 Iron Casting
29:51 Light Cavalry
32:33 Atonement
33:29 Bodkin Arrow
34:18 Wheelbarrow
36:09 Hand Cart
40:16 Imperial Age
38:13 Horse Collar
39:07 Halberdier
40:48 Blast Furnace
40:33 Heavy Plow
40:26 Gold Mining
41:21 Conscription
40:26 Two-Handed Swordsman
41:41 Padded Archer Armor
42:07 Ballistics
43:01 Chemistry
43:29 Town Watch
43:52 Siege Engineers
44:22 Masonry
44:51 Crop Rotation
44:40 Leather Archer Armor
44:31 Bracer
45:32 Forced Levy
46:00 Murder Holes
45:46 Treadmill Crane
47:40 Leather Archer Armor
49:56 Cavalier
51:15 Ring Archer Armor
56:38 Elite Battle Elephant
Connection lost

Rejoining the realm…

Still unreachable

The connection could not be restored.

Session expired

The server has moved on; the page needs a fresh start.